 Dungeon Crawl Stone Soup version 0.21.0-30-g47ce8e4 (webtiles) character file.

200227 Inchmeat the Bludgeoner (level 18, 0/127 HPs)
             Began as a Gargoyle Monk on Jan 26, 2018.
             Was the Champion of Makhleb.
             Slain by a merfolk impaler
             ... wielding a +0 trident of protection
              (11 damage)
             ... on level 1 of the Shoals on Jan 29, 2018.
             The game lasted 01:57:07 (50136 turns).

Inchmeat the Bludgeoner (Gargoyle Monk)            Turns: 50136, Time: 01:57:08

Health: 0/127      AC: 24    Str: 23    XL:     18   Next: 50%
Magic:  21/21      EV:  9    Int: 17    God:    Makhleb [******]
Gold:   415        SH:  0    Dex: 17    Spells: 5/17 levels left

rFire    + + +     SeeInvis +   O - +4 great mace "Tiuceg" {drain, rF+ MR+ Int+4}
rCold    + + .     Gourm    .   (shield currently unavailable)
rNeg     + + +     Faith    +   E - +0 chain mail of Savaad Doil {+Blink rF+++ Int-2 Dex+3}
rPois    ∞         Spirit   .   G - +3 crown of Dyrovepreva {rElec Int+2 SInv}
rElec    +         Reflect  .   J - scarf {cloud immunity}
rCorr    +         Harm     .   K - +2 pair of gloves
MR       ++...                  l - +0 pair of boots
Stlth    ..........             S - amulet of faith
HPRegen  0.31/turn              f - ring of Birdsong {rC+ rN++ Str+2}
MPRegen  0.17/turn              s - ring of Agyv {rCorr rF+ Str+2 SInv Stlth-}

@: flying, very slightly contaminated
A: big wings, agile 1, cold resistance 1, deformed body, negative energy
resistance 1, electricity resistance, weak 1, unbreathing, petrification
resistance, rot immunity, subdued magic 1, AC +13
}: 1/15 runes: serpentine
a: Stop Flying, Minor Destruction, Lesser Servant of Makhleb, Major Destruction,
Greater Servant of Makhleb, Renounce Religion, Evoke Blink


You were on level 1 of the Shoals.
You worshipped Makhleb.
Makhleb was exalted by your worship.
You were not hungry.

You visited 6 branches of the dungeon, and saw 29 of its levels.

You collected 3042 gold pieces.
You spent 2627 gold pieces at shops.

Inventory:

Hand Weapons
 O - the +4 great mace "Tiuceg" (weapon) {drain, rF+ MR+ Int+4}
   (You bought it in a shop on level 2 of the Orcish Mines)

   A truly terrible weapon, it drains the life of those it strikes.
   It affects your intelligence (+4).
   It protects you from fire.
   It affects your resistance to hostile enchantments.
 T - a +3 great mace of venom
 X - the +7 flail of Discomfort {vamp, rF+ MR+}
   (You found it on level 3 of the Lair of Beasts)

   It inflicts no extra harm, but heals its wielder when it wounds a living foe.
   It protects you from fire.
   It affects your resistance to hostile enchantments.
Missiles
 z - 6 javelins (quivered)
Armour
 l - a +0 pair of boots (worn)
 E - the +0 chain mail of Savaad Doil (worn) {+Blink rF+++ Int-2 Dex+3}
   (You took it off an orc on level 5 of the Dungeon)

   It affects your intelligence (-2).
   It affects your dexterity (+3).
   It renders you almost immune to fire.
   It lets you blink.
 G - the +3 crown of Dyrovepreva (worn) {rElec Int+2 SInv}
   (You found it on level 9 of the Dungeon)

   It affects your intelligence (+2).
   It insulates you from electricity.
   It lets you see invisible.
 J - a scarf of cloud immunity (worn)
 K - a +2 pair of gloves (worn)
Jewellery
 f - the ring of Birdsong (left hand) {rC+ rN++ Str+2}
   (You bought it in a shop on level 13 of the Dungeon)

   [ring of strength]

   It affects your strength (+2).
   It protects you from cold.
   It greatly protects you from negative energy.
 q - an uncursed ring of positive energy
 s - the ring of Agyv (right hand) {rCorr rF+ Str+2 SInv Stlth-}
   (You bought it in a shop on level 1 of the Snake Pit)

   [ring of resist corrosion]

   It affects your strength (+2).
   It protects you from fire.
   It lets you see invisible.
   It makes you less stealthy.
 M - an uncursed ring of ice
 S - an amulet of faith (around neck)
Wands
 a - a wand of acid (8)
 r - a wand of disintegration (25)
 t - a wand of iceblast (7)
 w - a wand of clouds (2)
 x - a wand of scattershot (6)
 D - a wand of digging (12)
 H - a wand of flame (24)
Scrolls
 d - 11 scrolls of remove curse {@r2}
 i - 7 scrolls of teleportation
 j - 15 scrolls of identify {@r1}
 k - 6 scrolls of magic mapping
 y - 3 scrolls of fear
 A - 7 scrolls of amnesia
 B - 3 scrolls of enchant weapon
 N - 3 scrolls of enchant armour
 Q - a scroll of fog
Potions
 b - 2 potions of ambrosia
 h - 3 potions of might
 m - 6 potions of brilliance
 o - 2 potions of curing {@q1}
 p - 4 potions of resistance
 u - 3 potions of haste
 I - 2 potions of berserk rage {unknown}
 W - 3 potions of cancellation
Books
 g - a book of the Earth

   Spells                             Type                      Level
   a - Leda's Liquefaction            Hexes/Earth                  4
   b - Bolt of Magma                  Conjuration/Fire/Earth       5
   c - Statue Form                    Transmutation/Earth          6
   d - Iron Shot                      Conjuration/Earth            6
   e - Shatter                        Earth                        9
 n - a book of Geomancy

   Spells                             Type                      Level
   a - Sandblast                      Earth                        1
   b - Passwall                       Transmutation/Earth          2
   c - Stone Arrow                    Conjuration/Earth            3
   d - Petrify                        Transmutation/Earth          4
   e - Lee's Rapid Deconstruction     Earth                        5
 L - a book of Cantrips

   Spells                             Type                      Level
   a - Confusing Touch                Hexes                        1
   b - Animate Skeleton               Necromancy                   1
   c - Summon Small Mammal            Summoning                    1
   d - Apportation                    Translocation                1
Miscellaneous
 e - a lamp of fire
 V - a lightning rod (4/4)
Comestibles
 c - 20 rations


   Skills:
 * Level 18.8 Fighting
 - Level 20.0 Maces & Flails
 - Level 3.1 Dodging
 - Level 3.6 Stealth
 - Level 15.0 Translocations
 - Level 5.2 Invocations


You had 5 spell levels left.
You knew the following spells:

 Your Spells              Type           Power        Failure   Level  Hunger
a - Blink                 Tloc           N/A          1%          2    ###....
b - Passage of Golubria   Tloc           N/A          3%          4    #####..
c - Apportation           Tloc           #####.       1%          1    ##.....
d - Lee's Rapid Deconstr  Erth           #.........   100%        5    ######.


Dungeon Overview and Level Annotations

Branches:
Dungeon (15/15)            Temple (1/1) D:6            Lair (6/6) D:11
 Shoals (1/4) Lair:3        Snake (4/4) Lair:4        Slime (0/5) Lair:5
    Orc (2/2) D:9             Elf (0/3) Orc:2        Vaults (0/5) D:13
 Depths (0/5) D:15

Altars:
Ashenzari
Cheibriados
Dithmenos
Elyvilon
Fedhas
Gozag
Hepliaklqana
Kikubaaqudgha
Makhleb
Nemelex Xobeh
Okawaru
Qazlal
Ru
Sif Muna
Trog
Uskayaw
Vehumet
Wu Jian
Xom
Yredelemnul
Zin
The Shining One
Beogh
Jiyva

Shops:
D:8 :   D:13 (!!=   Orc:2 =[((}*=*!   Snake:1 ==}   Snake:2 ?(%!

Annotations:
D:2 1 runed door
Lair:2 Gastronok
Snake:3 exclusion: Roxanne, Roxanne
Orc:1 sanboga's ghost, journeyman HOBe


Innate Abilities, Weirdness & Mutations

You are resistant to torment.
Your stone body is resilient. (AC +13)
You are immune to poison.
Your large and strong wings let you fly indefinitely.
You resist negative energy. (rN+)
You are resistant to electric shocks. (rElec)
You can survive without breathing.
You are immune to petrification.
You are immune to rotting.
You are agile. (Dex +2)
Your flesh is cold resistant. (rC+)
Armour fits poorly on your strangely shaped body.
You are weak. (Str -2)
Your spells are a little easier to cast, but a little less powerful.


Message History

Press: ? - help, Dir - move target cursor Creatin' a passage o' Golubria requires sufficient empty space.
Found a stone staircase leadin' down.
Tha merfolk throws a tomahawk.
Tha tomahawk hits ye but does nay damage.
Ye hear a splash.
Tha merfolk throws a tomahawk.
Tha tomahawk hits ye.
* * * LOW HITPOINT WARNIN'
* * * Ye hear a splash.
Tha merfolk sir'n chants a hauntin' song.
Ye resist wit' almost nay effort.
Tha merfolk impaler hits ye but does nay damage.
Tha merfolk impaler barely misses ye.
Tha merfolk impaler hits ye but does nay damage.
Tha merfolk impaler hits ye from afar wit' a trident o' protection.
* * * LOW HITPOINT WARNIN'
* * * Tha merfolk impaler hits ye from afar wit' a trident!
* * * LOW HITPOINT WARNIN'
* * * Tha merfolk impaler hits ye from afar wit' a trident o' protection!
Ye die...

≈≈≈≈≈≈ ≈≈≈≈.
≈≈≈≈≈ ≈≈..
.≈≈≈≈≈# ...
#..≈≈≈≈# ..
#..≈≈≈≈#
.###..≈≈≈≈#
#.....≈≈≈≈#
#@>..≈≈≈≈≈#
#..≈≈≈≈≈≈≈#
##m≈m≈≈≈≈≈≈#
##..≈≈≈≈≈≈≈≈#
#...≈≈≈≈≈≈≈≈≈#
..≈≈≈≈≈≈≈≈≈≈≈≈#
...≈≈≈≈≈≈≈≈m≈≈≈#
≈≈≈≈≈≈≈≈≈≈≈m≈≈≈#
≈≈≈≈≈≈≈≈≈≈≈≈≈≈≈#


You could see 2 merfolk impalers, a merfolk and a merfolk siren.

Vanquished Creatures
  Vashnia (Snake:3)
  Nikola (Snake:2)
  Frances (D:14)
  9 nagarajas
  An orc warlord (Orc:1)
  The ghost of mirrorencyclopedia the Basher, a journeyman DrBe of Trog (Lair:4)
  A very ugly thing (D:14)
  Nessos (D:14)
  The ghost of Kurtz the Spear-Bearer, a journeyman OpAK of Lugonu (D:15)
  2 ettins
  A merfolk javelineer (Shoals:1)
  Snorg (Lair:5)
  Josephine (Lair:3)
  3 fire dragons
  A merfolk impaler (Shoals:1)
  A yaktaur captain (D:14)
  15 naga warriors
  Fannar (Lair:2)
  8 vault guards (D:13)
  8 hydras
  A great orb of eyes (D:14)
  A catoblepas (Lair:6)
  5 anacondas
  4 centaur warriors
  Erica (D:8)
  12 death yaks
  6 two-headed ogres
  12 naga sharpshooters
  2 alligators
  2 tengu warriors
  Urug (D:13)
  5 shock serpents
  10 skeletal warriors
  A death drake (shapeshifter) (D:14)
  4 naga ritualists
  A swamp dragon (Lair:3)
  3 unseen horrors
  3 sea snakes (Snake:3)
  5 orc knights
  6 mana vipers
  A wolf spider zombie (D:15)
  Pikel (D:4)
  2 deep elf magi
  2 lindwurms (Lair:6)
  4 oklob plants (Lair:5)
  An orc sorcerer (Orc:1)
  10 ugly things
  The ghost of nel the Slasher, a novice HuMo of Yredelemnul (D:6)
  5 manticores
  10 salamanders
  6 cyclopes
  33 black mambas
  5 guardian serpents
  An ice statue (Lair:3)
  8 elephants
  11 spiny frogs
  21 naga magi
  5 gargoyles
  A guardian serpent (shapeshifter) (D:12)
  6 torpor snails (Lair:6)
  5 komodo dragons
  An ice devil (Lair:3)
  A rime drake (shapeshifter) (D:15)
  An efreet (D:13)
  2 kobold demonologists
  3 merfolk (Shoals:1)
  7 trolls
  3 tyrant leeches (Lair:6)
  9 hornets
  3 polar bears (Lair:3)
  8 slime creatures
  8 hippogriffs
  17 blink frogs
  8 dream sheep (Lair:5)
  A water elemental (Shoals:1)
  2 vampires
  3 basilisks
  6 wyverns
  28 yaks
  8 wraiths
  2 hungry ghosts
  5 vampire mosquitoes
  10 wargs
  52 nagas
  3 swamp worms
  2 acid dragons
  3 soldier ants
  9 water moccasins
  Duvessa (D:7)
  11 porcupines
  34 orc warriors
  5 sky beasts
  2 slaves (D:3)
  3 ice beasts
  A swamp drake (Lair:4)
  A black bear (D:11)
  An eye of draining (D:13)
  10 ogres
  6 wolves
  5 boggarts
  A necrophage (D:11)
  16 centaurs
  13 crocodiles
  15 bullfrogs
  A wyvern zombie (D:12)
  Dowan (D:7)
  2 wyvern skeletons (D:13)
  2 scorpions
  A water moccasin skeleton (D:12)
  11 killer bees
  11 wights
  8 howler monkeys
  3 electric eels
  2 crimson imps
  3 centaur zombies
  3 bullfrog zombies
  14 hounds
  2 bullfrog skeletons
  10 orc priests
  2 jellies
  Jessica (D:2)
  7 centaur skeletons
  4 iguanas
  6 worker ants
  21 orc wizards
  A hound zombie (D:6)
  Robin (D:4)
  12 adders
  4 gnolls
  2 shadow imps
  3 white imps (Lair:3)
  2 oozes
  An adder skeleton (D:4)
  2 worms (D:2)
  3 dart slugs
  4 leopard geckos
  83 orcs
  2 ball pythons
  5 giant cockroaches
  17 goblins
  9 hobgoblins
  6 jackals
  5 kobolds
  2 quokkas
  11 bats
  5 frilled lizards
  2 leopard gecko skeletons
  A leopard gecko zombie (D:5)
  2 quokka zombies
  8 rats
  A butterfly (D:6)
  A plant (Lair:6)
923 creatures vanquished.

Vanquished Creatures (collateral kills)
  An orc knight (Orc:2)
  A manticore (D:12)
  A deep elf mage (D:12)
  A gargoyle (D:10)
  A warg (Orc:2)
  4 orc warriors (Orc:2)
  5 orcs
14 creatures vanquished.

Vanquished Creatures (others)
  A centaur (D:14)
  An orc (D:10)
  A bush (Lair:6)
  23 fungi
  22 plants
48 creatures vanquished.

Grand Total: 985 creatures vanquished

Notes
Turn   | Place    | Note
-------+----------+-------------------------------------------
     0 | D:1      | Inchmeat the Gargoyle Monk began the quest for the Orb.
     0 | D:1      | Reached XP level 1. HP: 14/14 MP: 1/1
   196 | D:1      | Reached XP level 2. HP: 13/19 MP: 2/2
   474 | D:1      | Reached XP level 3. HP: 13/23 MP: 3/3
   939 | D:2      | Found a runed door.
  1286 | D:2      | Reached XP level 4. HP: 29/29 MP: 4/4
  1435 | D:2      | Noticed Jessica
  1442 | D:2      | Killed Jessica
  2139 | D:3      | Reached XP level 5. HP: 32/33 MP: 5/5
  2278 | D:3      | Reached skill level 4 in Maces & Flails
  2855 | D:4      | Noticed a slave
  2856 | D:4      | Noticed a slave
  2889 | D:3      | Killed a slave
  2899 | D:3      | Killed a slave
  3230 | D:5      | Entered Level 5 of the Dungeon
  3234 | D:4      | Reached skill level 5 in Maces & Flails
  3234 | D:4      | Reached XP level 6. HP: 38/38 MP: 6/6
  3527 | D:4      | Noticed Pikel
  3531 | D:4      | Noticed a slave
  3532 | D:4      | Noticed a slave
  3560 | D:4      | Killed Pikel
  3560 | D:4      | Reached skill level 7 in Maces & Flails
  3560 | D:4      | Reached XP level 7. HP: 28/43 MP: 7/7
  3675 | D:4      | Reached skill level 8 in Maces & Flails
  3692 | D:4      | Noticed Robin
  3746 | D:4      | Killed Robin
  3892 | D:4      | Reached XP level 8. HP: 46/48 MP: 8/8
  4497 | D:5      | Reached skill level 9 in Maces & Flails
  5205 | D:5      | Got a scorched chain mail
  5216 | D:5      | Identified the cursed +0 chain mail of Savaad Doil {+Blink rF+++ Int-2 Dex+3} (You took it off an orc on level 5 of the Dungeon)
  5475 | D:6      | Reached skill level 10 in Maces & Flails
  5763 | D:6      | Found a staircase to the Ecumenical Temple.
  5781 | Temple   | Entered the Ecumenical Temple
  5930 | Temple   | Became a worshipper of Makhleb the Destroyer
  5930 | Temple   | Reached * piety under Makhleb
  5930 | Temple   | Reached ** piety under Makhleb
  6103 | D:6      | Found a deep blue altar of Sif Muna.
  6156 | D:6      | Noticed a hornet
  6175 | D:6      | Killed a hornet
  6175 | D:6      | Reached XP level 9. HP: 42/52 MP: 9/9
  6327 | D:6      | Noticed nel's ghost (novice HuMo)
  6345 | D:6      | Killed nel's ghost
  6345 | D:6      | Reached skill level 11 in Maces & Flails
  6635 | D:7      | Found a basalt altar of Yredelemnul.
  6666 | D:7      | Reached skill level 12 in Maces & Flails
  6702 | D:7      | Noticed Duvessa
  6702 | D:7      | Noticed Dowan
  6719 | D:7      | Killed Duvessa
  6722 | D:7      | Killed Dowan
  7936 | D:8      | Reached skill level 5 in Invocations
  8122 | D:8      | Found a glowing golden altar of the Shining One.
  8318 | D:8      | Reached XP level 10. HP: 58/58 MP: 13/13
  8396 | D:8      | Found Bionwen's Book Shoppe.
  8476 | D:8      | Reached skill level 5 in Fighting
  8744 | D:8      | Noticed Erica
  8756 | D:8      | Killed Erica
  8984 | D:8      | Reached *** piety under Makhleb
  9384 | D:9      | Found a glowing silver altar of Zin.
  9424 | D:9      | Found the +3 crown of Dyrovepreva {rElec Int+2 SInv}
  9976 | D:7      | Noticed an unseen horror
  9987 | D:7      | Killed an unseen horror
 10760 | D:9      | Found an ornate altar of the Wu Jian Council.
 10761 | D:9      | Found a sparkling altar of Nemelex Xobeh.
 10878 | D:9      | Found a staircase to the Orcish Mines.
 11262 | D:10     | Entered Level 10 of the Dungeon
 11352 | D:10     | Upgraded the game from 0.21.0-25-ge575cb9 to 0.21.0-30-g47ce8e4
 11457 | D:10     | Noticed an unseen horror
 11484 | D:10     | Killed an unseen horror
 11670 | D:10     | Noticed a gargoyle
 11706 | D:10     | Killed a gargoyle
 11706 | D:10     | Reached skill level 13 in Maces & Flails
 11706 | D:10     | Reached XP level 11. HP: 26/71 MP: 14/14
 12992 | D:11     | Noticed a two-headed ogre
 13022 | D:11     | Killed a two-headed ogre
 13022 | D:11     | Reached skill level 14 in Maces & Flails
 13154 | D:11     | Found a staircase to the Lair.
 13261 | D:12     | Reached **** piety under Makhleb
 13338 | D:12     | Noticed a manticore
 13362 | D:12     | Killed a manticore
 13515 | D:12     | Noticed a cyclops
 13519 | D:12     | Killed a cyclops
 13677 | D:12     | Noticed a white ugly thing
 13688 | D:12     | Killed a white ugly thing
 13708 | D:12     | Noticed a seven-headed hydra
 13729 | D:12     | Killed a one-headed hydra
 13729 | D:12     | Reached skill level 15 in Maces & Flails
 14114 | D:12     | Noticed a cyclops
 14128 | D:12     | Killed a cyclops
 14129 | D:12     | Noticed a red ugly thing
 14130 | D:12     | Noticed a deep elf mage
 14130 | D:12     | Noticed a red ugly thing
 14154 | D:12     | Killed a red ugly thing
 14156 | D:12     | Reached XP level 12. HP: 76/76 MP: 15/15
 14207 | D:12     | Reached skill level 16 in Maces & Flails
 14630 | D:11     | Found a blossoming altar of Fedhas.
 14736 | D:11     | Reached skill level 10 in Fighting
 14810 | D:11     | Noticed a two-headed ogre
 14825 | D:11     | Killed a two-headed ogre
 14955 | D:11     | Noticed a two-headed ogre
 14962 | D:11     | Killed a two-headed ogre
 15142 | D:11     | Noticed a two-headed ogre
 15148 | D:11     | Killed a two-headed ogre
 15243 | Lair:1   | Entered Level 1 of the Lair of Beasts
 15271 | Lair:1   | You fall through a shaft!
 15380 | Lair:2   | Noticed Fannar
 15390 | Lair:2   | Killed Fannar
 15488 | Lair:2   | Noticed a four-headed hydra
 15497 | Lair:2   | Killed a one-headed hydra
 15595 | Lair:2   | Reached XP level 13. HP: 47/88 MP: 16/16
 15855 | Lair:2   | Noticed Gastronok
 16049 | Lair:3   | Reached ***** piety under Makhleb
 16066 | Lair:3   | Got a faintly glowing robe
 16278 | Lair:3   | Got a polished flail
 16279 | Lair:3   | Identified the +7 flail of Discomfort {vamp, rF+ MR+} (You found it on level 3 of the Lair of Beasts)
 16783 | Lair:4   | Identified the +3 robe of Idealism {rElec rC+} (You found it on level 3 of the Lair of Beasts)
 16929 | Lair:4   | Found a staircase to the Snake Pit.
 16929 | Lair:4   | Noticed mirrorencyclopedia's ghost (journeyman DrBe)
 17992 | Lair:6   | Entered Level 6 of the Lair of Beasts
 18170 | Lair:5   | Reached skill level 15 in Fighting
 18242 | Lair:5   | Found a viscous altar of Jiyva.
 18242 | Lair:5   | Found a staircase to the Slime Pits.
 19531 | Lair:4   | Learned a level 2 spell: Blink
 19536 | Lair:4   | Learned a level 4 spell: Passage of Golubria
 19709 | Lair:4   | Reached skill level 1 in Translocations
 20376 | Lair:4   | HP: 2/93 [alligator (7)]
 21453 | Lair:3   | Found a staircase to the Shoals.
 21697 | Lair:3   | You fall through a shaft for 3 floors!
 21702 | Lair:6   | Gained mutation: Your large and strong wings let you fly indefinitely. [Gargoyle growth]
 21702 | Lair:6   | Reached XP level 14. HP: 75/100 MP: 17/17
 21872 | Lair:6   | Noticed Snorg
 21909 | Lair:6   | Found a runed door.
 22542 | Lair:5   | Killed Snorg
 22611 | Lair:5   | Reached skill level 5 in Translocations
 26624 | Lair:4   | Killed mirrorencyclopedia's ghost
 27915 | Lair:2   | Reached XP level 15. HP: 104/104 MP: 18/18
 28279 | Lair:1   | Identified the Almanac of Assistive Air
 28364 | Lair:1   | Reached skill level 10 in Translocations
 28935 | Orc:1    | Entered Level 1 of the Orcish Mines
 29203 | Orc:1    | Noticed sanboga's ghost (journeyman HOBe)
 30643 | D:12     | Identified Asess's Reference Book on the Shifting Volcanoes
 31146 | D:13     | Found Ubrualois's Jewellery Emporium.
 31157 | D:13     | Bought the ring of Birdsong {rC+ rN++ Str+2} for 576 gold pieces
 31948 | D:13     | Found a gate to the Vaults.
 32184 | D:13     | Found Edopuam's Distillery.
 32192 | D:13     | Bought a potion of haste for 150 gold pieces
 32192 | D:13     | Bought a potion of mutation for 120 gold pieces
 32192 | D:13     | Gained mutation: You occasionally shout uncontrollably at your foes. [potion of mutation]
 32192 | D:13     | Gained mutation: You are agile. (Dex +2) [potion of mutation]
 32192 | D:13     | Gained mutation: You are frail. (-10% HP) [potion of mutation]
 32192 | D:13     | Gained mutation: You are somewhat resistant to further mutation. [potion of mutation]
 32193 | D:13     | Lost mutation: You are frail. (-10% HP) [potion of mutation]
 32193 | D:13     | Lost mutation: You occasionally shout uncontrollably at your foes. [potion of mutation]
 32193 | D:13     | Gained mutation: You have a pair of small horns on your head. [potion of mutation]
 32193 | D:13     | Lost mutation: You have a pair of small horns on your head. [potion of mutation]
 32194 | D:13     | Lost mutation: You are somewhat resistant to further mutation. [potion of mutation]
 32194 | D:13     | Gained mutation: You have a beak for a mouth. [potion of mutation]
 32194 | D:13     | Gained mutation: Your flesh is heat resistant. (rF+) [potion of mutation]
 32194 | D:13     | Gained mutation: You are weak. (Str -2) [potion of mutation]
 32194 | D:13     | Gained mutation: You are somewhat resistant to further mutation. [potion of mutation]
 32195 | D:13     | Lost mutation: You are weak. (Str -2) [potion of mutation]
 32195 | D:13     | Lost mutation: Your flesh is heat resistant. (rF+) [potion of mutation]
 32195 | D:13     | Gained mutation: Scrolls take you a little longer to read. [potion of mutation]
 32195 | D:13     | Gained mutation: You expend magic power (3 MP) to strengthen your wands. [potion of mutation]
 32195 | D:13     | Gained mutation: You passively map a small area around you. [potion of mutation]
 32218 | D:13     | Found Ynatwog's Distillery.
 32221 | D:13     | Bought a potion of haste for 170 gold pieces
 32221 | D:13     | Bought a potion of curing for 51 gold pieces
 32222 | D:13     | Noticed Urug
 32234 | D:13     | Killed Urug
 32241 | D:13     | Found Git Putz's Weapon Emporium.
 32575 | D:13     | Learned a level 1 spell: Apportation
 32781 | D:14     | Noticed Nessos
 33375 | D:14     | Killed Nessos
 33728 | D:14     | Noticed Frances
 33744 | D:14     | Killed Frances
 33744 | D:14     | Reached XP level 16. HP: 77/110 MP: 16/19
 34791 | D:14     | Reached ****** piety under Makhleb
 35098 | D:15     | Entered Level 15 of the Dungeon
 35323 | D:15     | Found a staircase to the Depths.
 35395 | D:15     | Noticed Kurtz's ghost (journeyman OpAK)
 35402 | D:15     | Killed Kurtz's ghost
 35612 | D:15     | Reached skill level 17 in Maces & Flails
 36225 | Orc:2    | Entered Level 2 of the Orcish Mines
 36407 | Orc:2    | Found Bedaoqo's Jewellery Shoppe.
 36421 | Orc:2    | Found a roughly hewn altar of Beogh.
 36492 | Orc:2    | Reached skill level 15 in Translocations
 36769 | Orc:2    | Found a staircase to the Elven Halls.
 36943 | Orc:2    | HP: 4/110 [orc warrior/dire flail (13)]
 37490 | Orc:2    | Found Koupaink's Jewellery Shoppe.
 37530 | Orc:2    | Found Zuph's Armour Emporium.
 37536 | Orc:2    | Found Wasuir Vace's Weapon Shop.
 37547 | Orc:2    | Found Essukom's Antique Weapon Boutique.
 37580 | Orc:2    | Bought a transparent great mace for 218 gold pieces
 37580 | Orc:2    | Identified the +4 great mace "Tiuceg" {drain, rF+ MR+ Int+4} (You bought it in a shop on level 2 of the Orcish Mines)
 37587 | Orc:2    | Learned a level 5 spell: Lee's Rapid Deconstruction
 37677 | Orc:2    | Found Ether's Gadget Shop.
 37677 | Orc:2    | Found Ami Vif's General Store.
 37691 | Orc:2    | Bought 2 potions of mutation for 240 gold pieces
 37692 | Orc:2    | Lost mutation: You expend magic power (3 MP) to strengthen your wands. [potion of mutation]
 37692 | Orc:2    | Lost mutation: You passively map a small area around you. [potion of mutation]
 37692 | Orc:2    | Lost mutation: You are agile. (Dex +2) [potion of mutation]
 37693 | Orc:2    | Lost mutation: You are somewhat resistant to further mutation. [potion of mutation]
 37693 | Orc:2    | Lost mutation: Scrolls take you a little longer to read. [potion of mutation]
 37693 | Orc:2    | Lost mutation: You have a beak for a mouth. [potion of mutation]
 37693 | Orc:2    | Gained mutation: Your magical capacity is low. (-10% MP) [potion of mutation]
 37693 | Orc:2    | Gained mutation: Your spells are a little easier to cast, but a little less powerful. [potion of mutation]
 37693 | Orc:2    | Gained mutation: You are frail. (-10% HP) [potion of mutation]
 37693 | Orc:2    | Gained mutation: Your flesh is cold resistant. (rC+) [potion of mutation]
 37694 | Orc:2    | Lost mutation: You are frail. (-10% HP) [potion of mutation]
 37694 | Orc:2    | Lost mutation: Your magical capacity is low. (-10% MP) [potion of mutation]
 37694 | Orc:2    | Gained mutation: Scrolls take you a little longer to read. [potion of mutation]
 37694 | Orc:2    | Gained mutation: You are frail. (-10% HP) [potion of mutation]
 37694 | Orc:2    | Gained mutation: Armour fits poorly on your strangely shaped body. [potion of mutation]
 37694 | Orc:2    | Gained mutation: You have sharp fingernails. [potion of mutation]
 37725 | Orc:2    | Found a roughly hewn altar of Beogh.
 37784 | Orc:2    | Found Vuanecs's Distillery.
 37784 | Orc:2    | Found Tiatoj's General Store.
 37797 | Orc:2    | Bought a potion of mutation for 112 gold pieces
 37797 | Orc:2    | Bought a potion of mutation for 112 gold pieces
 37797 | Orc:2    | Bought a potion of heal wounds for 70 gold pieces
 37797 | Orc:2    | Lost mutation: Scrolls take you a little longer to read. [potion of mutation]
 37797 | Orc:2    | Lost mutation: You have sharp fingernails. [potion of mutation]
 37797 | Orc:2    | Lost mutation: You are frail. (-10% HP) [potion of mutation]
 37797 | Orc:2    | Gained mutation: You are weak. (Str -2) [potion of mutation]
 37797 | Orc:2    | Gained mutation: You are dopey. (Int -2) [potion of mutation]
 37797 | Orc:2    | Gained mutation: You are agile. (Dex +2) [potion of mutation]
 37798 | Orc:2    | Lost mutation: You are agile. (Dex +2) [potion of mutation]
 37798 | Orc:2    | Lost mutation: You are dopey. (Int -2) [potion of mutation]
 37798 | Orc:2    | Lost mutation: Your spells are a little easier to cast, but a little less powerful. [potion of mutation]
 37798 | Orc:2    | Gained mutation: Your spells are a little easier to cast, but a little less powerful. [potion of mutation]
 37798 | Orc:2    | Gained mutation: You are agile. (Dex +2) [potion of mutation]
 38510 | Orc:1    | HP: 3/110 [sanboga's ghost (14)]
 39619 | Snake:1  | Entered Level 1 of the Snake Pit
 39834 | Snake:1  | Reached skill level 18 in Maces & Flails
 40622 | Snake:1  | Found Ilocko's Gadget Emporium.
 40622 | Snake:1  | Found Gutux's Jewellery Shop.
 40628 | Snake:1  | Found Gino's Jewellery Shop.
 40637 | Snake:1  | Bought the ring of Agyv {rCorr rF+ Str+2 SInv Stlth-} for 533 gold pieces
 40697 | Snake:1  | Reached XP level 17. HP: 68/115 MP: 20/20
 41564 | Snake:2  | Found Xoejy's Distillery.
 41898 | Snake:2  | Bought a potion of heal wounds for 55 gold pieces
 41909 | Snake:2  | Found Idout's Food Shoppe.
 41927 | Snake:2  | Found Faumesi's Magic Scroll Boutique.
 41944 | Snake:2  | Bought a scroll of teleportation for 51 gold pieces
 41944 | Snake:2  | Bought a scroll of teleportation for 51 gold pieces
 41944 | Snake:2  | Bought a scroll of fear for 59 gold pieces
 41944 | Snake:2  | Bought a scroll of fear for 59 gold pieces
 42281 | Snake:2  | Found Facy's Weapon Emporium.
 42561 | Snake:2  | Noticed Nikola
 42588 | Snake:2  | Killed Nikola
 42588 | Snake:2  | Reached skill level 19 in Maces & Flails
 43457 | Snake:3  | Noticed Roxanne
 44686 | Snake:3  | Reached skill level 20 in Maces & Flails
 44947 | Snake:3  | Noticed Vashnia
 44988 | Snake:4  | Entered Level 4 of the Snake Pit
 45532 | Snake:3  | Killed Vashnia
 47035 | Snake:4  | Reached XP level 18. HP: 123/123 MP: 21/21
 49253 | Snake:4  | Got a serpentine rune of Zot
 49567 | Shoals:1 | Entered Level 1 of the Shoals
 49567 | Shoals:1 | Noticed Josephine
 49593 | Lair:3   | Killed Josephine
 50136 | Shoals:1 | Slain by a merfolk impaler

Skill      XL: |  1  2  3  4  5  6  7  8  9 10 11 12 13 14 15 16 17 18 |
---------------+-------------------------------------------------------+-----
Stealth        | 3 |  3.6
Fighting       | 4 9 13 16 17 18 | 18.8
Dodging        | 3 |  3.1
Maces & Flails | 5 7 8 10 12 13 15 16 18 20 | 20.0
Invocations    | 5 |  5.2
Translocations | 3 9 13 15 | 15.0

Action                   |  1- 3 |  4- 6 |  7- 9 | 10-12 | 13-15 | 16-18 || total
-------------------------+-------+-------+-------+-------+-------+-------++-------
Melee: Mace              |   118 |    99 |       |       |       |       ||   217
       Flail             |       |   120 |       |       |   338 |       ||   458
       Whip              |       |       |   418 |   174 |       |       ||   592
       Morningstar       |       |       |       |    99 |       |       ||    99
       Dire flail        |       |       |       |   394 |    72 |       ||   466
       Scimitar          |       |       |       |    29 |     3 |       ||    32
       Great mace        |       |       |       |       |  1153 |  1335 ||  2488
       Peck              |       |       |       |       |    39 |    80 ||   119
 Fire: Arbalest          |       |       |       |       |    50 |       ||    50
 Cast: Blink             |       |       |       |       |     1 |    22 ||    23
       Passage of Golubr |       |       |       |       |       |     6 ||     6
Invok: Lesser Servant of |       |       |       |     6 |    12 |    13 ||    31
 Abil: Evoke Blink       |       |       |       |       |     1 |     1 ||     2
       Fly               |       |       |       |       |     1 |       ||     1
Evoke: Wand              |       |       |       |     1 |    12 |    10 ||    23
       Lightning rod     |       |       |       |       |     1 |     8 ||     9
       Lamp of fire      |       |       |       |       |     1 |     2 ||     3
       Box of beasts     |       |       |       |       |       |     1 ||     1
  Use: Scroll            |       |     1 |    10 |     5 |    27 |     7 ||    50
       Potion            |       |       |     3 |     6 |    13 |    13 ||    35
 Stab: Distracted        |       |       |       |     2 |       |       ||     2
  Eat: Chunk             |     1 |    16 |    14 |    29 |    29 |    17 ||   106
       Ration            |       |       |     1 |       |    12 |    12 ||    25
Armor: Robe              |    16 |       |       |       |       |       ||    16
       Scale mail        |    62 |   148 |    78 |       |       |       ||   288
       Chain mail        |       |       |   188 |   475 |  1248 |   973 ||  2884
Dodge: Dodged            |    96 |   167 |   132 |   253 |   619 |   573 ||  1840
       Rpst.: Scimitar   |       |       |       |     6 |       |       ||     6
